 Dungeon Crawl Stone Soup version 0.21-a0-584-g185da8e (webtiles) character file.

224 Lanoc the Poker (level 6, -2/72 HPs)
             Began as a Merfolk Berserker on Dec 21, 2017.
             Was a Believer of Trog.
             Slain by an ogre
             ... wielding a +0 giant club
              (12 damage)
             ... on level 4 of the Dungeon.
             The game lasted 00:07:44 (2862 turns).

Lanoc the Poker (Merfolk Berserker)                 Turns: 2862, Time: 00:07:45

Health: -2/72      AC:  3    Str: 22    XL:     6   Next: 0%
Magic:  6/6        EV: 14    Int:  6    God:    Trog [**....]
Gold:   122        SH:  0    Dex: 16    Spells: 5/5 levels left

rFire    . . .     SeeInvis .   a - +0 spear
rCold    . . .     Gourm    .   (no shield)
rNeg     . . .     Faith    .   b - +0 animal skin
rPois    .         Spirit   .   (no helmet)
rElec    .         Reflect  .   f - +0 cloak
rCorr    .         Harm     .   (no gloves)
MR       .....                  (no boots)
Stlth    ..........             t - amulet of magic regeneration
HPRegen  0.22/turn              (no ring)
MPRegen  0.35/turn              (no ring)

@: berserking, very quick
A: change form in water, swift swim, stealthy swim
a: Berserk, Trog's Hand, Burn Spellbooks, Renounce Religion


You were on level 4 of the Dungeon.
You worshipped Trog.
Trog was pleased with you.
You were very hungry.

You visited 1 branch of the dungeon, and saw 4 of its levels.

You collected 122 gold pieces.

Inventory:

Hand Weapons
 a - a +0 spear (weapon)
Armour
 b - a +0 animal skin (worn)
 f - a +0 cloak (worn)
Jewellery
 t - an amulet of magic regeneration (around neck)
Wands
 o - a wand of flame (27)
 s - a wand of polymorph (11)
Scrolls
 d - a scroll of magic mapping {unknown}
 g - 5 scrolls of teleportation {unknown}
 h - a scroll of immolation {unknown}
 k - a scroll of amnesia {unknown}
 m - 5 scrolls of identify {unknown}
 n - 2 scrolls of remove curse {unknown}
Potions
 e - a potion of brilliance {unknown}
 j - a potion of lignification {unknown}
 q - a potion of curing {unknown}
 r - a potion of degeneration {unknown}
Comestibles
 c - 4 rations
 p - 7 chunks of flesh


   Skills:
 + Level 4.1 Fighting
 * Level 6.5 Polearms
 + Level 2.0 Throwing
 + Level 2.1 Armour
 + Level 4.0 Dodging


You had 5 spell levels left.
You didn't know any spells.

Dungeon Overview and Level Annotations

Branches:
Dungeon (4/15)
 Temple: D:4-7

Altars:
Okawaru


Message History

* * * LOW HITPOINT WARNING * * *
It was a potion of cancellation.
Your magical effects are unravelling.
You feel magically purged.
You feel yourself speed up. The ogre barely misses you.
You recover from your berserk rage.
There is an open door here.
You are feeling hungry.
There is an open door here.
It was a potion of heal wounds.
You feel much better. The ogre hits you with a giant club!!
* * * LOW HITPOINT WARNING * * *
A red film seems to cover your vision as you go berserk!
You feel yourself moving faster!
You feel mighty!
You are feeling very hungry.
You puncture the ogre!
The ogre is heavily wounded.
The ogre hits you with a giant club!
You die...

+###..#......# #....
......#......+ #....
......'......# +....
......#......# #....
+######......# ######....
#.....###########+# ........(#
+.....#...........# .........#
#.....#...........# .........' .
#.....'......O@...# .........#
.##.....########+##+#. .........#
#....####.....# #....####+###+##
#....# #.....# #....#..........
#....# #.....# #....#....).....
#....# #.....# +....#..........
#....####.....####....#..####.##.
..........####........#..####.##.
..........# #.....)..'..........


You could see an ogre.

Vanquished Creatures
  2 orc priests (D:4)
  Crazy Yiuf (D:2)
  3 gnolls (D:4)
  3 adders
  An ooze (D:3)
  2 leopard geckos
  7 orcs
  3 giant cockroaches
  11 hobgoblins
  8 jackals
  A quokka (D:3)
  4 bats
  4 frilled lizards
  10 goblins
  5 kobolds
  3 rats
  A fungus (D:2)
69 creatures vanquished.

Notes
Turn   | Place    | Note
-------+----------+-------------------------------------------
     0 | D:1      | Lanoc the Merfolk Berserker began the quest for the Orb.
     0 | D:1      | Reached XP level 1. HP: 18/18 MP: 1/1
    14 | D:1      | Noticed a minotaur skeleton
   100 | D:1      | You fall through a shaft!
   403 | D:1      | Reached XP level 2. HP: 21/24 MP: 2/2
  1052 | D:2      | Reached skill level 5 in Polearms
  1052 | D:2      | Reached XP level 3. HP: 29/29 MP: 3/3
  1538 | D:2      | Found a runed door.
  1542 | D:2      | Noticed Crazy Yiuf
  1548 | D:2      | Killed Crazy Yiuf
  1548 | D:2      | Reached skill level 1 in Throwing
  1548 | D:2      | Reached XP level 4. HP: 37/37 MP: 4/4
  1645 | D:3      | Found an iron altar of Okawaru.
  1807 | D:3      | Reached ** piety under Trog
  2380 | D:3      | Reached XP level 5. HP: 34/42 MP: 5/5
  2667 | D:4      | Reached skill level 6 in Polearms
  2800 | D:4      | Reached XP level 6. HP: 42/48 MP: 6/6
  2830 | D:4      | HP: 2/48 [ogre/giant club (17)]
  2862 | D:4      | Slain by an ogre

Vault maps used:
D:1:      shiori_arrival_whats_in_store_for_you, minmay_distorted
D:2:      first_ration, uniq_crazy_yiuf_cottage
D:3:      cheibrodos_greedy_goblins, okawaru_ov_weapons_minmay

Skill      XL: |  1  2  3  4  5 |
---------------+----------------+-----
Dodging        | 3 4 |  4.0
Polearms       | 5 6 |  6.5
Throwing       | 1 2 |  2.0
Armour         | 2 |  2.1
Fighting       | 4 |  4.1

Action                   |  1- 3 |  4- 6 || total
-------------------------+-------+-------++-------
Melee: Spear             |   120 |   166 ||   286
Invok: Berserk           |     1 |     4 ||     5
  Use: Potion            |       |     2 ||     2
 Stab: Sleeping          |     1 |     1 ||     2
  Eat: Chunk             |     1 |     5 ||     6
       Ration            |       |     1 ||     1
Armor: Animal skin       |    15 |    20 ||    35
Dodge: Dodged            |    67 |   107 ||   174

Table legend:
 A = Spawn XP
 B = Non-spawn XP
 C = Spawn XP percentage of total XP
 D = Spawn monster count
 E = Non-spawn monster count
 F = Spawn count percentage of total count
 G = Total turns spent on level
                    A         B        C        D         E        F      G
               +---------+---------+-------+---------+---------+-------+---------
         Total |       0 |     320 |   0.0 |       0 |      68 |   0.0 |  2862
               +---------+---------+-------+---------+---------+-------+---------
           D:1 |       0 |      23 |   0.0 |       0 |      14 |   0.0 |   696
           D:2 |       0 |      61 |   0.0 |       0 |       8 |   0.0 |   891
           D:3 |       0 |      92 |   0.0 |       0 |      38 |   0.0 |   989
           D:4 |       0 |     144 |   0.0 |       0 |       8 |   0.0 |   286
               +---------+---------+-------+---------+---------+-------+---------
